 Dungeon Crawl Stone Soup version 0.28-a0-1555-g9ae15a6949 (webtiles) character file.

Game seed: 10964505218430781371

5 wazuzu the Skirmisher (level 1, 0/18 HPs)
             Began as a Demonspawn Monk on Jan 18, 2022.
             Slain by a dart slug (3 damage)
             ... on level 1 of the Dungeon.
             The game lasted 00:00:41 (209 turns).

wazuzu the Skirmisher (Demonspawn Monk)              Turns: 209, Time: 00:00:41

Health: 0/18       AC:  2    Str: 11    XL:     1   Next: 66%
Magic:  1/1        EV: 13    Int: 11    God:
Gold:   30         SH:  0    Dex: 15    Spells: 0/0 levels left

rFire   . . .      SeeInvis .   a - +0 mace
rCold   . . .      Faith    .   (no shield)
rNeg    . . .      Spirit   .   b - +0 robe
rPois   .          Reflect  .   (no helmet)
rElec   .          Harm     .   (no cloak)
rCorr   .          Rampage  .   (no gloves)
Will    .....                   (no boots)
Stlth   ++........              (no amulet)
HPRegen 0.06/turn               (no ring)
MPRegen 0.07/turn               (no ring)

@: no status effects
A: no striking features
a: no special abilities


You were on level 1 of the Dungeon.
You visited 1 branch of the dungeon, and saw 1 of its levels.

You collected 30 gold pieces.


   Skills:
 + Level 3.1 Fighting
 + Level 2.8 Maces & Flails
 - Level 2.7 Dodging
 - Level 1.7 Stealth


You couldn't memorise any spells.
You didn't know any spells.
Your spell library was empty.

Dungeon Overview and Level Annotations

Branches:
Dungeon (1/15)

Altars:

Inventory:

Hand Weapons
 a - a +0 mace (weapon)
Missiles
 c - 16 stones (quivered)
Armour
 b - a +0 robe (worn)
Magical Staves
 d - a staff of earth

##### #...######
#####...##...
...........# #.#
###........##
#.#
#.w.).......####
#.#
#†#@#...#.#....#
#.#
#.#h#...#...##.#
#.#
....######.###.#
#.# ##.###
#.###.###.# #.
#......)... ..
.....#######.
##. .....# #.
.....# ###.
.....# #...


You could see a dart slug and a jackal.


Message History

Found a short sword.
A rat comes into view.
Found 13 gold pieces.
A ball python comes into view.
The rat closely misses you.
You hit the rat.
You kill the rat!
No target in view!
No target in view!
You now have 30 gold pieces (gained 13).
No target in view!
No target in view!
No target in view!
A ball python and 2 jackals come into view.
You see here a +0 short sword.
The helpless ball python fails to defend itself.
You hit the ball python.
The ball python is heavily wounded.
The ball python misses you. The ball python grabs you.
The ball python constricts you. The ball python closely misses you.
The ball python constricts you.
You barely miss the ball python.
The ball python is heavily wounded.
The ball python bites you. The ball python constricts you.
You barely miss the ball python.
The ball python is heavily wounded.
The ball python barely misses you. The ball python constricts you.
A dart slug comes into view.
The ball python bites you. The ball python constricts you.
You barely miss the ball python.
The ball python is heavily wounded.
The ball python closely misses you. The ball python constricts you.
You closely miss the ball python.
The ball python is heavily wounded.
The jackal barks!
You hear a bark!
The ball python closely misses you. The ball python constricts you.
The ball python bites you. The ball python constricts you.
You hit the ball python.
You kill the ball python!
The jackal misses you.
You hit the jackal.
The jackal is moderately wounded.
The jackal barely misses you. The jackal bites you.
* * * LOW HITPOINT WARNING * * *
You barely miss the jackal.
The jackal is moderately wounded.
The jackal barely misses you.
A giant cockroach comes into view.
The jackal bites you but does no damage.
You miss the jackal.
The jackal is moderately wounded.
The jackal bites you.
* * * LOW HITPOINT WARNING * * *
You barely miss the jackal.
The jackal is moderately wounded.
The jackal bites you.
* * * LOW HITPOINT WARNING * * *
The jackal bites you but does no damage.
You miss the jackal.
The jackal is moderately wounded.
The jackal misses you. The jackal bites you.
* * * LOW HITPOINT WARNING * * *
You closely miss the jackal.
The jackal is moderately wounded.
The jackal bites you.
* * * LOW HITPOINT WARNING * * *
You hit the jackal.
You kill the jackal!
The dart slug bites you.
You die...

Action                   || total
-------------------------++-------
Melee: Mace              ||    18
 Stab: Sleeping          ||     1
Armor: Robe              ||     2
Dodge: Dodged            ||    10

Levels and vault maps discovered:
D:1:      scummos_arrival_star, layout_loops_cross

Notes
Turn   | Place    | Note
-------+----------+-------------------------------------------
     0 | D:1      | wazuzu the Demonspawn Monk began the quest for the Orb.
     0 | D:1      | Reached XP level 1. HP: 18/18 MP: 1/1
   207 | D:1      | HP: 4/18 [jackal (1)]
   209 | D:1      | Slain by a dart slug

Vanquished Creatures
  A ball python (D:1)
  An endoplasm (D:1)
  A goblin (D:1)
  A jackal (D:1)
  2 rats (D:1)
6 creatures vanquished.
